 Dungeon Crawl Stone Soup version 0.30-a0-989-g0d87f670db (webtiles) character file.

Game seed: 3951541041124033349

593 Jeffwins the Ducker (level 7, -14/50 HPs)
             Began as a Human Wanderer on Apr 3, 2023.
             Was a Follower of Vehumet.
             Demolished by Prince Ribbit (15 damage)
             ... on level 4 of the Dungeon.
             The game lasted 00:07:19 (5117 turns).

Jeffwins the Ducker (Human Wanderer)                Turns: 5117, Time: 00:07:20

Health: -14/50     AC:  4    Str: 10    XL:     7   Next: 67%
Magic:  10/10      EV: 13    Int: 16    God:    Vehumet [*.....]
Gold:   60         SH:  0    Dex: 13    Spells: 3/10 levels left

rFire   . . .      SeeInvis .    u - +2 short sword (venom)
rCold   . . .      Faith    .    (no shield)
rNeg    . . .      Spirit   .    p - +0 leather armour
rPois   .          Reflect  .    c - +0 helmet
rElec   .          Rampage  .    (no cloak)
rCorr   .                        (no gloves)
Will    .....                    (no boots)
Stlth   ++                       (no amulet)
HPRegen 0.28/turn                (no ring)
MPRegen 0.12/turn                (no ring)

@: no status effects
A: no striking features
a: Renounce Religion


You were on level 4 of the Dungeon.
You worshipped Vehumet.
Vehumet was aware of your devotion.
You visited 1 branch of the dungeon, and saw 5 of its levels.

You collected 222 gold pieces.
You spent 162 gold pieces at shops.


   Skills:
 - Level 2.0 Fighting
 * Level 2.5 Short Blades
 - Level 2.0 Polearms
 + Level 4.6 Dodging
 + Level 2.2 Stealth
 * Level 2.2 Spellcasting
 * Level 2.6 Conjurations
 * Level 1.6 Necromancy
 * Level 2.8 Ice Magic
 + Level 3.7 Evocations


You had 3 spell levels left.
You knew the following spells:

 Your Spells              Type           Power      Damage    Failure   Level
n - Dispel Undead         Necr           7%         3d8       80%         4
X - Hailstorm             Conj/Ice       10%        3d5       26%         3

Your spell library contained the following spells:

 Spells                   Type           Power      Damage    Failure   Level
 Freeze                   Ice            40%        1d6       9%          1
 Magic Dart               Conj           40%        1d5       10%         1
 Kiss of Death            Conj/Necr      32%        2d7       12%         1
 Shock                    Conj/Air       24%        1d4       16%         1
 Confusing Touch          Hex            1%         N/A       63%         3
 Swiftness                Air            1%         N/A       63%         3
 Ice Form                 Ice/Tmut       6%         N/A       83%         4
 Airstrike                Air            0%         2d(1-17)  95%         4
 Leda's Liquefaction      Hex/Erth       0%         N/A       95%         4
 Iskenderun's Battlesphe  Conj           10%        2d6       95%         5
 Fireball                 Conj/Fire      3%         3d4       99%         5
 Lee's Rapid Deconstruct  Erth           0%         3d4*      100%        5
 Conjure Ball Lightning   Conj/Air       3%         3x3d6     100%        6
 Simulacrum               Ice/Necr       4%         N/A       100%        6
 Statue Form              Tmut/Erth      0%         N/A       100%        6
 Orb of Destruction       Conj           5%         9d5       100%        7

Inventory:

Hand Weapons
 a - a +0 spear
 m - a +0 dagger of venom
 n - a +1 dagger of speed
 r - a +0 rapier
 u - a +2 short sword of venom (weapon)
 x - a +1 heavy quarterstaff
Missiles
 h - 9 poisoned darts
 v - 3 curare-tipped darts {=f}
Armour
 c - a +0 helmet (worn)
 e - a +0 robe
 k - an orb of wrath
 p - a +0 leather armour (worn)
Wands
 b - a wand of acid (3) (quivered)
Scrolls
 d - 2 scrolls of teleportation {@r4}
 f - 2 scrolls of fear
 g - 5 scrolls of identify {@r1}
 j - 4 scrolls of enchant armour
 q - 2 scrolls of torment {!r}
 t - a scroll of summoning
 y - a scroll of vulnerability {unknown}
 A - a scroll of acquirement {unknown}
Potions
 i - a potion of attraction {!q}
 l - a potion of haste {@q3}
 o - 2 potions of lignification {!q}
 s - a potion of flight {unknown}
 w - a potion of might {unknown}
 z - a potion of degeneration {unknown}

Dungeon Overview and Level Annotations

Branches:
Dungeon (5/15)
 Temple: D:4-7

Altars:
Elyvilon
Fedhas
Kikubaaqudgha
Makhleb
Nemelex Xobeh
Sif Muna
Uskayaw
Vehumet
Yredelemnul
Zin

Shops:
D:4 ?

Annotations:
D:4 2 runed translucent doors, Prince Ribbit; retardedninja's ghost, amateur NaFi

######.######.#.##.#(...
####.######)#.##.#....
#.........#.#.####...▒
#.........+......'...▒
#.........#.######..8▒
####.#...##......#...▒
#.r...........#...▒
#s.##########.#....
#>@S..# #.#8...
#F###.### #.##### #.#
#...# #.# #.# #####.#
###.# #.# #.# #.....#
#.# #.# #.# #.##### #.##
#.# #.# #######.# #..#
#.# #.. #.......#######
##.## #.# ###
###.#####.....# #..# #.#
#


You could see Prince Ribbit, a scorpion (ally target), a friendly quokka
(summoned) and a friendly ball python (summoned).


Message History

Prince Ribbit hits you! The scorpion misses you.
Prince Ribbit barely misses you. The scorpion stings you.
There is a stone staircase leading up here.
Unknown command.
The scorpion closely misses you. Prince Ribbit hits you!
* * * LOW HITPOINT WARNING * * *
The scorpion attacks as you move away! The scorpion stings you.
* * * LOW HITPOINT WARNING * * *
Prince Ribbit barely misses you.
There is a stone staircase leading up here.
Unknown command.
The scorpion barely misses you. Prince Ribbit closely misses you.
The scorpion barely misses you.
You climb upwards.
Level annotation: 2 runed translucent doors, retardedninja's ghost, amateur NaFi
There is a stone staircase leading down here.
Unknown command.
Unknown command.
Unknown command.
As you read the scroll of summoning, it crumbles to dust.
Wisps of shadow whirl around you... Prince Ribbit closely misses you.
The scorpion misses you.
Unknown command.
Unknown command.
Prince Ribbit hits you!
* * * LOW HITPOINT WARNING * * *
The scorpion stings you.
* * * LOW HITPOINT WARNING * * *
Prince Ribbit hits you!
You die...

Skill      XL: |  1  2  3  4  5  6  7 |
---------------+----------------------+-----
Stealth        | 1 2 |  2.2
Polearms       | 2 |  2.0
Conjurations   | 1 2 |  2.6
Ice Magic      | 1 2 |  2.8
Spellcasting   | 1 2 |  2.2
Short Blades   | 1 2 |  2.5
Necromancy     | 1 |  1.6
Fighting       | |  2.0
Dodging        | |  4.6
Evocations     | |  3.7

Action                     |  1- 3 |  4- 6 |  7- 9 || total
---------------------------+-------+-------+-------++-------
  Melee: Spear             |   157 |       |       ||   157
         Dagger            |     3 |   157 |       ||   160
         Punch             |       |     3 |     2 ||     5
         Short sword       |       |    26 |    94 ||   120
  Evoke: Wand              |     1 |       |       ||     1
    Use: Scroll            |     2 |     1 |     1 ||     4
         Potion            |       |     3 |       ||     3
   Stab: Sleeping          |     4 |     2 |     4 ||    10
         Invisible         |       |     1 |       ||     1
         Distracted        |       |     1 |       ||     1
 Armour: Robe              |    29 |    22 |       ||    51
         Leather armour    |       |    20 |    12 ||    32
         Skin              |       |     2 |       ||     2
  Dodge: Dodged            |    79 |   127 |    48 ||   254

Levels and vault maps discovered:
D:1:      dpeg_arrival_tiny_j, layout_basic, fountainhead,
          minmay_misc_feat_ornament, serial_bayou_lagoon_a
D:2:      layout_basic, serial_forest, infiniplex_forest_straight_4,
          infiniplex_forest_straight_3, infiniplex_forest_diagonal,
          infiniplex_forest_clump_small, infiniplex_forest_lined_2,
          infiniplex_forest_straight_4, infiniplex_forest_straight_4,
          basic_altar, guppyfry_early_orc_mine, uniq_robin
D:3:      layout_basic, grunt_temple_overflow_magic_moments,
          nicolae_overflow_crystal_walls, nicolae_overflow_hallway_of_the_gods,
          shapermc_ecumenical_altar_gd, minmay_increasing_density, uniq_natasha,
          uniq_jessica, uniq_sigmund
D:4:      layout_basic, ebering_ghost_disaster_area, nicolae_nh_oracle_at_delphi
D:5:      layout_layer_cave, uniq_prince_ribbit1

Notes
Turn   | Place    | Note
-------+----------+-------------------------------------------
     0 | D:1      | Jeffwins the Human Wanderer began the quest for the Orb.
     0 | D:1      | Jeffwins set off with the following items: a +0 spear, a
                  | wand of acid (4), a +0 helmet, a scroll of teleportation
                  | {@r4}, a +0 robe.
     0 | D:1      | Reached XP level 1. HP: 16/16 MP: 1/1
   116 | D:1      | Reached XP level 2. HP: 16/22 MP: 2/2
   815 | D:2      | Noticed Robin
   825 | D:1      | Reached XP level 3. HP: 23/27 MP: 3/3
   891 | D:2      | Reached skill level 1 in Stealth
   895 | D:2      | Learned a level 3 spell: Hailstorm
  1125 | D:2      | Reached skill level 2 in Polearms
  1232 | D:2      | Reached XP level 4. HP: 29/33 MP: 5/5
  1260 | D:2      | Killed Robin
  1272 | D:2      | Reached skill level 1 in Conjurations
  1399 | D:2      | Reached skill level 1 in Ice Magic
  1437 | D:2      | HP: 3/33 [poisoned by an adder]
  1439 | D:2      | HP: 1/33 [poisoned by an adder]
  1440 | D:2      | Reached skill level 1 in Spellcasting
  1610 | D:2      | Reached skill level 1 in Short Blades
  1885 | D:2      | Reached XP level 5. HP: 35/38 MP: 6/6
  1966 | D:2      | Found a burning altar of Makhleb.
  2254 | D:3      | Found a glowing silver altar of Zin.
  2308 | D:3      | Noticed Sigmund
  2405 | D:3      | Found a blossoming altar of Fedhas.
  2408 | D:3      | Found a sparkling altar of Nemelex Xobeh.
  2416 | D:3      | Found a hide-covered altar of Uskayaw.
  2416 | D:3      | Found a white marble altar of Elyvilon.
  2423 | D:3      | Found a basalt altar of Yredelemnul.
  2546 | D:3      | Noticed Natasha
  2556 | D:3      | Killed Natasha
  2656 | D:3      | Found an ancient bone altar of Kikubaaqudgha.
  2661 | D:3      | Found a shimmering blue altar of Sif Muna.
  2663 | D:3      | Found a radiant altar of Vehumet.
  2668 | D:3      | Got Vehumet's Meditations on Conflict
  2670 | D:3      | Became a worshipper of Vehumet
  2711 | D:3      | Noticed Natasha
  2712 | D:3      | Found a faded altar of an unknown god.
  2718 | D:3      | Killed Natasha
  2719 | D:3      | Reached XP level 6. HP: 38/44 MP: 7/7
  2724 | D:3      | Learned a level 4 spell: Dispel Undead
  3145 | D:3      | Reached skill level 2 in Ice Magic
  3180 | D:3      | Killed Sigmund
  3181 | D:3      | Reached skill level 2 in Short Blades
  3181 | D:3      | Reached skill level 2 in Stealth
  3181 | D:3      | Reached skill level 2 in Conjurations
  3181 | D:3      | Reached skill level 1 in Necromancy
  3181 | D:3      | Reached XP level 7. HP: 45/50 MP: 7/9
  3489 | D:3      | Noticed Jessica
  3498 | D:3      | Killed Jessica
  3741 | D:4      | Reached * piety under Vehumet
  3741 | D:4      | Offered knowledge of Freeze by Vehumet.
  3742 | D:4      | Reached skill level 2 in Spellcasting
  3991 | D:4      | Found a large runed translucent door.
  3991 | D:4      | Found a large runed translucent door.
  3993 | D:4      | Noticed retardedninja's ghost (amateur NaFi)
  5006 | D:4      | Found The Oracle's Delphic Readings.
  5010 | D:4      | Bought a scroll of identify for 24 gold pieces
  5010 | D:4      | Bought a scroll of identify for 24 gold pieces
  5010 | D:4      | Bought a scroll of summoning for 114 gold pieces
  5041 | D:5      | Entered Level 5 of the Dungeon
  5041 | D:5      | Noticed Prince Ribbit
  5117 | D:4      | HP: 1/50 [scorpion (6)]
  5117 | D:4      | Demolished by Prince Ribbit

Vanquished Creatures
  Sigmund (D:3)
  A scorpion (D:4)
  A hound (D:4)
  An iguana (D:4)
  Jessica (D:3)
  Natasha (twice) (D:3)
  An orc wizard (D:4)
  Robin (D:2)
  8 adders
  A white imp (D:4)
  4 dart slugs
  14 orcs
  9 endoplasms
  6 giant cockroaches
  10 hobgoblins
  4 jackals (D:3)
  4 quokkas
  9 ball pythons
  4 bats
  7 frilled lizards
  15 goblins
  7 kobolds
  4 rats
115 creatures vanquished.

Vanquished Creatures (others)
  2 bushes (D:2)
  10 demonic plants (D:3)
  A fungus (D:3)
  9 plants
  4 withered plants (D:3)
26 creatures vanquished.

Grand Total: 141 creatures vanquished

Table legend: (Time is in decaauts)
 A = Elapsed time spent in this place.
 B = Non-inter-level travel time spent in this place.
 C = Inter-level travel time spent in this place.
 D = Time resting spent in this place.
 E = Time spent auto-exploring this place.
 F = Levels seen in this place.
 G = Mean time per level.
                   A        B        C        D        E       F      G
               +--------+--------+--------+--------+--------+-----+--------+
         Total |   5116 |   4922 |    194 |    117 |   3861 |   5 | 1023.2 |
       Dungeon |   5116 |   4922 |    194 |    117 |   3861 |   5 | 1023.2 |
               +--------+--------+--------+--------+--------+-----+--------+

Top non-repeatable levels by time:
     D:3: 1444 daAuts
     D:4: 1420 daAuts
     D:2: 1339 daAuts
     D:1: 903 daAuts
     D:5: 8 daAuts

Table legend:
 A = Non-vault XP
 B = Vault XP
 C = Vault XP percentage of total XP
 D = Non-vault monster count
 E = Vault monster count
 F = Vault count percentage of total count
                 A         B        C        D         E       F
            +---------+---------+-------+---------+---------+-------
      Total |     388 |     460 |  54.2 |      81 |      33 |  28.9
            +---------+---------+-------+---------+---------+-------
        D:1 |      27 |       2 |   6.9 |      17 |       1 |   5.6
        D:2 |      81 |      52 |  39.1 |      18 |      19 |  51.4
        D:3 |      84 |     325 |  79.5 |      21 |      11 |  34.4
        D:4 |     196 |      81 |  29.2 |      25 |       2 |   7.4
            +---------+---------+-------+---------+---------+-------
